[Event "Gideon Japhet ACP Open 2018"]
[Site "Jerusalem"]
[Date "2018.07.06"]
[Round "7"]
[White "Gruenfeld, Yehuda"]
[Black "Cohen Revivo, Shoham"]
[Result "1/2-1/2"]
[ECO "B45"]
[WhiteElo "2419"]
[BlackElo "2248"]
[Annotator "ChessBase"]
[PlyCount "100"]
[EventDate "2018.07.01"]
[EventType "swiss"]
[EventCountry "ISR"]
[SourceTitle "playchess.com"]
[Source "ChessBase"]
[SourceQuality "1"]
[TimeControl "40/5400+30:1800+30"]

1. e4 c5 2. Nf3 Nc6 3. Nc3 e6 4. d4 cxd4 5. Nxd4 Nf6 6. Nxc6 bxc6 7. e5 Nd5 8. Ne4 Qc7 9. f4 Qb6 10. c4 Bb4+ 11. Ke2 f5 12. Nf2 Ba6 13. Kf3 Ne7 14. Be3 Bc5 15. Bxc5 Qxc5 16. Qd6 Qb6 17. b3 Bb7 18. Rd1 Kf7 19. h4 c5+ 20. Ke3 Rhd8 21. Nd3 Rac8 22. Qxb6 axb6 23. Rh2 Nc6 24. Nc1 Nd4 25. g3 d6 26. exd6 Rxd6 27. Nd3 Rcd8 28. Rhd2 Ke7 29. Ne5 Nc2+ 30. Ke2 Rxd2+ 31. Rxd2 Rxd2+ 32. Kxd2 Nd4 33. Be2 Be4 34. Bd1 Nc6 35. Ke3 Nd4 36. b4 Nc6 37. a3 Kd6 38. Nxc6 Bxc6 39. Bc2 g6 40. h5 e5 41. h6 e4 42. g4 Ke6 43. bxc5 bxc5 44. gxf5+ gxf5 45. a4 Kd6 46. a5 Kc7 47. Bd1 Be8 48. Bc2 Bc6 49. Bd1 Be8 50. Bc2 Kb7 1/2-1/2

[Event "Gideon Japhet ACP Open 2018"]
[Site "Jerusalem"]
[Date "2018.07.06"]
[Round "7"]
[White "Shvayger, Yuliya"]
[Black "Axelrod, Arie"]
[Result "1/2-1/2"]
[ECO "B76"]
[WhiteElo "2409"]
[BlackElo "2269"]
[Annotator "ChessBase"]
[PlyCount "107"]
[EventDate "2018.07.01"]
[EventType "swiss"]
[EventCountry "ISR"]
[SourceTitle "playchess.com"]
[Source "ChessBase"]
[SourceQuality "1"]
[TimeControl "40/5400+30:1800+30"]

1. e4 c5 2. Nf3 d6 3. d4 cxd4 4. Nxd4 Nf6 5. Nc3 g6 6. Be3 Bg7 7. f3 Nc6 8. Qd2 O-O 9. O-O-O Qa5 10. Kb1 Bd7 11. g4 Rfc8 12. h4 Ne5 13. h5 Nxf3 14. Nxf3 Bxg4 15. Bg2 Bxh5 16. Nd5 Qxd2 17. Nxf6+ Bxf6 18. Rxd2 Bxf3 19. Bxf3 Rc7 20. Rdh2 Rac8 21. Bxa7 Be5 22. Rd2 h5 23. Be3 Kf8 24. c3 e6 25. Bd4 Bf4 26. Rg2 Ke7 27. Bd1 e5 28. Bf2 Kf6 29. Rf1 Rc4 30. Bh4+ Kg7 31. Bxh5 Rxe4 32. Bf3 Re3 33. Bxb7 Rb8 34. Bd5 Rxc3 35. Bg5 Rc5 36. Bb3 Rbc8 37. Bxf4 exf4 38. a4 Rb8 39. Ka2 Rb4 40. Rd2 g5 41. Rxd6 f6 42. Ka3 Re4 43. Rd7+ Kg6 44. Rd5 Rxd5 45. Bxd5 Rd4 46. Bb7 Rd7 47. Bc6 Rc7 48. Bh1 Kf5 49. a5 g4 50. a6 f3 51. Bxf3 gxf3 52. Rxf3+ Ke5 53. Ka4 f5 54. Kb5 1/2-1/2

[Event "Gideon Japhet ACP Open 2018"]
[Site "Jerusalem"]
[Date "2018.07.06"]
[Round "7"]
[White "Melia, Salome"]
[Black "Yaniv, Yuval"]
[Result "1-0"]
[ECO "B42"]
[WhiteElo "2392"]
[BlackElo "2054"]
[Annotator "NA"]
[PlyCount "71"]
[EventDate "2018.07.01"]
[EventType "swiss"]
[EventCountry "ISR"]
[SourceTitle "playchess.com"]
[Source "ChessBase"]
[SourceQuality "1"]
[TimeControl "40/5400+30:1800+30"]

1. e4 c5 2. Nf3 e6 3. d4 cxd4 4. Nxd4 a6 5. Bd3 Bc5 6. Nb3 Ba7 7. O-O Nc6 8. Qe2 d6 9. Be3 Nf6 10. c4 {[%emt 0:02:08] B42: Sicilian: Kan Variation: 5 Bd3} e5 (10... O-O 11. Nc3 e5 12. Rfd1 Bg4 13. f3 Be6 14. Bxa7 Rxa7 15. Rac1 Nd7 16. Qe3 b6 {1-0 (36) Caruana,F (2811)-Bykhovsky,A (2496) chess.com INT 2018}) 11. Bxa7 Rxa7 12. Nc3 O-O {[%emt 0:00:18] LiveBook: 12 Games} 13. h3 Be6 14. Qe3 b6 $146 ({Predecessor:} 14... Nd7 15. Nd5 a5 16. a4 b6 17. Rfd1 Nc5 {0-1 (43) Olsarova,T (2244)-Coleman,T (2379) Pardubice 2012}) 15. Be2 Nd7 16. Rfd1 Nc5 17. Rd2 Rd7 18. Bf1 Qb8 19. Nc1 a5 20. b3 Nd4 (20... f5 $11 {remains equal.}) 21. N3e2 Nxe2+ 22. Nxe2 b5 23. cxb5 Qxb5 24. Nc3 Qb4 25. Rad1 a4 26. bxa4 Nxa4 27. Nb5 Rfd8 28. a3 Qb3 29. Qxb3 Bxb3 30. Rc1 Be6 $14 31. f3 Kf8 32. Kf2 f5 33. Nc7 Rxc7 34. Rxc7 fxe4 35. fxe4 d5 36. Bb5 1-0

[Event "Gideon Japhet ACP Open 2018"]
[Site "Jerusalem"]
[Date "2018.07.06"]
[Round "7"]
[White "Kudischewitsch, David"]
[Black "Bronfman, Shmuel"]
[Result "1-0"]
[ECO "A45"]
[WhiteElo "2356"]
[BlackElo "2108"]
[Annotator "NA"]
[PlyCount "85"]
[EventDate "2018.07.01"]
[EventType "swiss"]
[EventCountry "ISR"]
[SourceTitle "playchess.com"]
[Source "ChessBase"]
[SourceQuality "1"]
[TimeControl "40/5400+30:1800+30"]

1. d4 Nf6 2. c3 d5 3. Bg5 e6 4. Nd2 Be7 5. e3 {[%emt 0:00:04] D00: Damenbauernspiele} b6 (5... h6 6. Bh4 O-O 7. Bd3 b6 8. Qe2 Bb7 9. f4 Ne4 10. Bxe7 Qxe7 11. Ngf3 Nd7 12. g4 c5 {1-0 (29) Andreikin,D (2713)-Moiseenko,A (2711) Khanty-Mansiysk 2013}) 6. Bd3 Bb7 7. Qb1 $146 ({Vorgänger:} 7. f4 h6 8. Bxf6 Bxf6 9. Ngf3 Nd7 10. Qe2 Bh4+ 11. g3 Be7 12. O-O c5 13. Ne5 O-O 14. Nxd7 Qxd7 {½-½ (54) Harika,D (2543)-Dzagnidze,N (2520) Doha 2016}) 7... h6 8. Bxf6 Bxf6 9. f4 c5 10. Ngf3 Nc6 11. O-O O-O 12. Kh1 a5 13. a4 Ba6 14. Bxa6 Rxa6 15. Rf2 Ra7 16. Qd3 Rb7 17. Ne5 Ne7 18. g4 Bxe5 19. fxe5 Qd7 20. Nf1 (20. Qe2 $11) 20... b5 21. axb5 Qxb5 (21... Rxb5 $15 22. Ra2 Rfb8) 22. Qxb5 Rxb5 23. Ra2 f5 24. exf6 Rxf6 25. Kg1 Nc6 26. Ng3 Kf7 27. Rd2 Rf3 28. Nf1 Ke7 29. Ra4 {[%emt 0:00:27] [#]} Rf8 (29... cxd4 $1 $17 30. exd4 Rf4) 30. Kg2 Rfb8 31. Ra2 Rd8 32. Ng3 g6 33. h4 e5 34. dxc5 Rxc5 35. Ra1 d4 36. exd4 exd4 37. Re1+ Kf7 38. Rf2+ Kg7 39. Re6 dxc3 40. bxc3 Rd7 $2 {[%emt 0:03:47] [#]} (40... Rf8 $1 $11 {und Schwarz muss sich keine Sorgen machen.}) 41. h5 $1 Ne7 42. hxg6 Nxg6 $18 43. Nh5+ 1-0

[Event "Gideon Japhet ACP Open 2018"]
[Site "Jerusalem"]
[Date "2018.07.06"]
[Round "7"]
[White "Birnboim, Nathan"]
[Black "Caspi, Israel"]
[Result "1-0"]
[ECO "B08"]
[WhiteElo "2353"]
[BlackElo "2479"]
[Annotator "ChessBase"]
[PlyCount "101"]
[EventDate "2018.07.01"]
[EventType "swiss"]
[EventCountry "ISR"]
[SourceTitle "playchess.com"]
[Source "ChessBase"]
[SourceQuality "1"]
[TimeControl "40/5400+30:1800+30"]

1. d4 d6 2. e4 Nf6 3. Nc3 g6 4. Nf3 Bg7 5. h3 O-O 6. Be3 a6 7. a4 Nc6 8. d5 Nb4 9. a5 e6 10. Bc4 exd5 11. exd5 c6 12. dxc6 bxc6 13. O-O Be6 14. Bxe6 fxe6 15. Na4 Nbd5 16. Bd2 Ne4 17. Qe1 Nxd2 18. Nxd2 Nf4 19. Kh2 Qxa5 20. g3 Qf5 21. gxf4 Qxf4+ 22. Kg2 Be5 23. Rh1 Qg5+ 24. Kf1 Rf4 25. Nc3 Raf8 26. Nd1 Bd4 27. Rh2 Qg3 28. Rg2 Qxh3 29. Rxa6 Bxf2 30. Nxf2 Rxf2+ 31. Qxf2 Rxf2+ 32. Kxf2 Qf5+ 33. Nf3 e5 34. Ra8+ Kg7 35. Ra7+ Kf6 36. Kg1 e4 37. Nd4 Qh3 38. Rf2+ Kg5 39. Ra3 Qd7 40. Rg3+ Kh4 41. Ne2 Qa7 42. Kg2 g5 43. Rf6 g4 44. Rxd6 h5 45. Rc3 Qa1 46. Ng3 Kg5 47. Rc5+ Kf4 48. Rf5+ Ke3 49. Nf1+ Ke2 50. Rf2+ Ke1 51. Ng3 1-0

[Event "Gideon Japhet ACP Open 2018"]
[Site "Jerusalem"]
[Date "2018.07.06"]
[Round "7"]
[White "Zisman, Philip"]
[Black "Aizenberg, Benny"]
[Result "0-1"]
[ECO "A45"]
[WhiteElo "2293"]
[BlackElo "1887"]
[Annotator "ChessBase"]
[PlyCount "40"]
[EventDate "2018.07.01"]
[EventType "swiss"]
[EventCountry "ISR"]
[SourceTitle "playchess.com"]
[Source "ChessBase"]
[SourceQuality "1"]
[TimeControl "40/5400+30:1800+30"]

1. d4 Nf6 2. Bg5 Ne4 3. h4 d5 4. Nd2 Nxg5 5. hxg5 Bf5 6. e3 e6 7. f4 c5 8. c3 Nc6 9. Ngf3 Bd6 10. dxc5 Bxc5 11. Nd4 Bg6 12. Bb5 Qb6 13. Qa4 O-O 14. N2b3 e5 15. Bxc6 exd4 16. exd4 Bd6 17. Bxd5 Rae8+ 18. Kf2 Bxf4 19. Rhe1 Rxe1 20. Rxe1 Qd6 0-1

[Event "Gideon Japhet ACP Open 2018"]
[Site "Jerusalem"]
[Date "2018.07.06"]
[Round "7"]
[White "Friedland, Moshe"]
[Black "Erenberg, Ariel"]
[Result "1/2-1/2"]
[ECO "C54"]
[WhiteElo "2286"]
[BlackElo "2393"]
[Annotator "ChessBase"]
[PlyCount "73"]
[EventDate "2018.07.01"]
[EventType "swiss"]
[EventCountry "ISR"]
[SourceTitle "playchess.com"]
[Source "ChessBase"]
[SourceQuality "1"]
[TimeControl "40/5400+30:1800+30"]

1. e4 e5 2. Nf3 Nc6 3. Bc4 Bc5 4. c3 Nf6 5. d3 d6 6. Nbd2 O-O 7. h3 a5 8. O-O h6 9. Re1 Be6 10. Bb5 Qb8 11. Nf1 Qa7 12. Be3 Bxe3 13. Nxe3 Ne7 14. a4 Ng6 15. Qc2 c6 16. Bc4 d5 17. exd5 cxd5 18. Bb5 Qb8 19. Qe2 Nh5 20. g3 Bxh3 21. Nxd5 Qd6 22. c4 Bg4 23. Qe3 Bxf3 24. Qxf3 Nf6 25. Nxf6+ Qxf6 26. Qxf6 gxf6 27. d4 exd4 28. Rad1 Ne5 29. Re4 Rfd8 30. f4 Nc6 31. Bxc6 bxc6 32. Rexd4 Rdb8 33. Rd6 Rxb2 34. Rxf6 Re8 35. Rxh6 Re3 36. Kh1 Rxg3 37. Rg1 1/2-1/2

[Event "Gideon Japhet ACP Open 2018"]
[Site "Jerusalem"]
[Date "2018.07.06"]
[Round "7"]
[White "Musyuk, Lior"]
[Black "Zilberman, Yaacov"]
[Result "1-0"]
[ECO "B02"]
[WhiteElo "2160"]
[BlackElo "2374"]
[Annotator "NA"]
[PlyCount "101"]
[EventDate "2018.07.01"]
[EventType "swiss"]
[EventCountry "ISR"]
[SourceTitle "playchess.com"]
[Source "ChessBase"]
[SourceQuality "1"]
[TimeControl "40/5400+30:1800+30"]

1. e4 Nf6 2. e5 Nd5 3. Nc3 Nxc3 4. dxc3 d6 5. Nf3 Nc6 6. Bf4 dxe5 {[%emt 0:03:00] LiveBook: 13 Games B02: Alekhine's Defence: Chase Variation and lines with early Nc3} 7. Nxe5 (7. Qxd8+ Nxd8 8. Bxe5 c6 9. O-O-O f6 10. Bg3 Be6 11. Bd3 g6 12. Rhe1 Bf7 13. Nd4 a6 14. Nb3 a5 15. Kb1 Bd5 16. Bf1 {1-0 (48) Sebastian,D (2445)-Appel,R (2513) Germany 2016}) 7... Nxe5 8. Qxd8+ Kxd8 9. Bxe5 c6 10. O-O-O+ Ke8 11. Bc4 e6 $146 ({Predecessor:} 11... Bf5 12. Rhe1 h5 13. Bd4 e6 14. Bd3 {½-½ (23) Gijbels,R-Van Espen,E (2154) Bilzen 2004}) 12. Rd2 Rg8 13. Rhd1 Be7 14. Bc7 Rf8 15. f4 f5 16. Be5 Kf7 17. Kb1 Re8 18. h3 Bf6 19. Re1 g6 20. g4 b5 21. Bf1 Bb7 22. Bxf6 Kxf6 23. Rd7 Re7 24. g5+ Kf7 $1 25. Rd6 Rc8 (25... h6 $11) 26. a4 a6 27. c4 bxa4 28. c5 Rcc7 29. Bc4 Bc8 30. Ka2 Re8 31. Re3 Ree7 32. Ka3 a5 33. Kxa4 Ra7 34. Rb3 Bb7 35. Rd8 Kg7 36. Rbd3 Ba6 37. Bxa6 Rxa6 38. R3d7 Kf7 39. Rxe7+ Kxe7 40. Rd6 Ra7 41. Rxc6 Rd7 42. Kxa5 Rd4 43. Rc7+ Kd8 44. Rxh7 Rxf4 45. b4 Rc4 46. h4 Ke8 47. Rg7 Rxh4 48. c6 Rc4 $18 49. c7 e5 50. b5 e4 51. b6 1-0

[Event "Gideon Japhet ACP Open 2018"]
[Site "Jerusalem"]
[Date "2018.07.06"]
[Round "7"]
[White "Itzhaky, Shmuel"]
[Black "Agrest, Inna"]
[Result "1-0"]
[ECO "A45"]
[WhiteElo "2111"]
[BlackElo "2303"]
[Annotator "NA"]
[PlyCount "149"]
[EventDate "2018.07.01"]
[EventType "swiss"]
[EventCountry "ISR"]
[SourceTitle "playchess.com"]
[Source "ChessBase"]
[SourceQuality "1"]
[TimeControl "40/5400+30:1800+30"]

1. d4 Nf6 2. Bg5 c5 3. Bxf6 gxf6 4. dxc5 Qa5+ 5. Nc3 {[%emt 0:00:17] LiveBook: 11 Partien A45: Trompowsky Attack} Qxc5 6. e4 Bg7 7. Qd5 $146 ({Predecessor:} 7. Qf3 O-O 8. Bd3 Nc6 9. Nge2 d6 10. Nd5 Re8 11. O-O a5 12. Qg3 Ne5 {0-1 (72) Haubt,G (2300)-Schmidt,J (2155) Germany 1998}) 7... Qxd5 8. Nxd5 Kd8 $1 9. f4 d6 10. O-O-O Bd7 11. Nf3 Nc6 12. g3 Rc8 13. Bb5 h5 14. c3 Bg4 {[%emt 0:08:33] [#]} 15. Be2 $1 Na5 16. Ne3 Be6 17. Rd4 Nc6 18. Rd2 Bxa2 19. Nf5 Bf8 20. b4 Be6 21. Kb2 a6 22. N3d4 Nxd4 23. Rxd4 Bd7 24. Rhd1 h4 25. Nxh4 e5 26. fxe5 fxe5 27. R4d2 Be7 28. Bf3 Ba4 29. Ra1 Bb5 30. Nf5 Bd7 31. h4 Rg8 32. g4 Bxf5 33. exf5 e4 34. Bxe4 Rxg4 35. Bxb7 Rb8 (35... Rxc3 $16 36. f6 (36. Kxc3 Bf6+ 37. Kb3 Bxa1 $16) (36. Rxa6 Rc7 $11) 36... Rh3 37. fxe7+ Kxe7) 36. Bxa6 Rxh4 37. Rg1 Kc7 38. Rd3 Bf6 39. Kb3 Rf4 40. Bc4 Rxf5 41. Bxf7 Rf2 42. Bd5 Rh8 43. Ra1 Rhh2 44. Ra7+ Kb8 45. Rb7+ Kc8 {[%emt 0:00:03] [#]} 46. Rg3 $1 Rd2 47. Rg8+ Bd8 48. c4 $2 (48. Bc6 $18 Rb2+ 49. Kc4 d5+ 50. Bxd5 Rh4+ 51. Kc5) 48... Rd3+ 49. Ka4 Rxd5 $1 50. cxd5 Kxb7 51. Rxd8 Kc7 52. Rg8 Rh5 53. Ka5 Rxd5+ 54. Ka6 Rd1 55. Rg7+ Kc8 56. b5 Ra1+ 57. Kb6 d5 58. Rg5 d4 59. Rc5+ $1 Kb8 60. Rd5 Kc8 $2 (60... Rc1 $16 61. Rd8+ (61. Rxd4 Kc8 $16) 61... Rc8 62. Rxd4 Rg8) 61. Rxd4 Rh1 62. Rg4 Rh6+ 63. Ka7 Rh7+ 64. Ka6 (64. Ka8 Kc7) 64... Rh1 $2 65. Rg8+ Kd7 66. b6 Ra1+ {[%emt 0:00:19] [#]} 67. Kb7 $1 Rb1 68. Rg2 Rb3 69. Rd2+ Ke6 70. Kc7 Rc3+ 71. Kb8 Ke7 72. Ra2 Kd8 73. b7 Rb3 74. Ka8 Kc7 75. Rc2+ 1-0

[Event "Gideon Japhet ACP Open 2018"]
[Site "Jerusalem"]
[Date "2018.07.06"]
[Round "7"]
[White "Gorodetzky, Matan"]
[Black "Ushenina, Anna"]
[Result "0-1"]
[ECO "D05"]
[WhiteElo "2060"]
[BlackElo "2447"]
[Annotator "ChessBase"]
[PlyCount "88"]
[EventDate "2018.07.01"]
[EventType "swiss"]
[EventCountry "ISR"]
[SourceTitle "playchess.com"]
[Source "ChessBase"]
[SourceQuality "1"]
[TimeControl "40/5400+30:1800+30"]

1. Nf3 d5 2. d4 e6 3. e3 Nf6 4. c4 Bd6 5. cxd5 exd5 6. Bd3 O-O 7. O-O Re8 8. Nc3 c6 9. Qc2 Nbd7 10. b3 Nf8 11. Bb2 Bg4 12. Ne2 Ng6 13. Ng3 Bxf3 14. gxf3 Nh4 15. f4 g6 16. Kh1 Qd7 17. f5 Bxg3 18. fxg3 Nxf5 19. Bxf5 gxf5 20. Qxf5 Qxf5 21. Rxf5 Ne4 22. Raf1 f6 23. g4 Re6 24. Ba3 Kg7 25. Kg2 Rae8 26. h4 a5 27. g5 b5 28. gxf6+ Rxf6 29. Rxf6 Nxf6 30. Bd6 Ng4 31. Kf3 Nf6 32. Rc1 Re6 33. Be5 Kg6 34. Rg1+ Kh5 35. Rg5+ Kxh4 36. Rf5 Ne4 37. Bf4 h6 38. a4 bxa4 39. bxa4 Rg6 40. Rf8 h5 41. Ra8 Kh3 42. Rxa5 Rg2 43. Bg3 Rxg3+ 44. Kf4 Kg2 0-1

[Event "Gideon Japhet ACP Open 2018"]
[Site "Jerusalem"]
[Date "2018.07.06"]
[Round "7"]
[White "Pravdivetz, Vladimir"]
[Black "Zlatin, Alexander"]
[Result "0-1"]
[ECO "D55"]
[WhiteElo "1939"]
[BlackElo "2205"]
[Annotator "NA"]
[PlyCount "78"]
[EventDate "2018.07.01"]
[EventType "swiss"]
[EventCountry "ISR"]
[SourceTitle "playchess.com"]
[Source "ChessBase"]
[SourceQuality "1"]
[TimeControl "40/5400+30:1800+30"]

1. d4 Nf6 2. Nf3 d5 3. c4 e6 4. Nc3 Be7 5. Bg5 O-O 6. e3 b6 7. Bd3 Bb7 8. Bxf6 Bxf6 9. cxd5 exd5 10. Qc2 g6 {[%emt 0:01:00] LiveBook: 15 Games E12: Queen's Indian: Unusual White 4th moves, 4 a3, 4 Nc3 Bb7 5 a3 and 4 Nc3 Bb7} 11. b4 c5 12. bxc5 bxc5 13. Rb1 cxd4 $146 ({Predecessor:} 13... Bc6 14. O-O c4 15. Be2 Re8 16. Nd2 Na6 17. Bf3 Qd7 18. Qb2 {1-0 (38) Adianto,U (2589)-Eichab,C (2157) Turin 2006}) 14. Nxd4 Bxd4 15. exd4 Qe7+ 16. Ne2 Rc8 17. Qd2 Ba6 18. Bxa6 Nxa6 19. O-O Nc7 20. Rb7 Rcb8 21. Rfb1 Rxb7 22. Rxb7 Re8 23. Ng3 Qd6 24. Nf1 a6 25. Ne3 Nb5 26. Qc1 Nxd4 27. Rb2 Ne6 28. Ng4 (28. g3 $142) 28... Nf4 29. Qd1 h5 30. Ne3 Qe5 31. Rd2 d4 32. Nc2 d3 33. Ne3 Rc8 34. Qe1 Ne2+ 35. Kh1 Qa5 36. Rd1 Qxe1+ 37. Rxe1 d2 38. Rd1 $19 Rc1 39. g3 Nc3 0-1

[Event "Gideon Japhet ACP Open 2018"]
[Site "Jerusalem"]
[Date "2018.07.06"]
[Round "7"]
[White "Levin, Natan"]
[Black "Savelenko, Arseny"]
[Result "1-0"]
[ECO "B06"]
[WhiteElo "1849"]
[BlackElo "2011"]
[Annotator "NA"]
[PlyCount "115"]
[EventDate "2018.07.01"]
[EventType "swiss"]
[EventCountry "ISR"]
[SourceTitle "playchess.com"]
[Source "ChessBase"]
[SourceQuality "1"]
[TimeControl "40/5400+30:1800+30"]

1. e4 g6 2. Nf3 Bg7 3. d4 d6 4. Be2 Bg4 5. c3 {[%emt 0:02:50] B06: Moderne Verteidigung} (5. Nbd2 Nf6 6. h3 Bxf3 7. Bxf3 Nbd7 8. O-O O-O 9. c3 e5 10. Re1 Qe7 11. Nc4 Rfe8 12. Bg5 h6 {1-0 (64) Le Roux,J (2554)-Bitalzadeh,A (2390) chess.com INT 2018}) 5... Nd7 6. O-O Bxf3 7. Bxf3 e5 8. Be3 Ngf6 $146 ({Vorgänger:} 8... c6 9. Nd2 Ne7 10. d5 cxd5 11. exd5 f5 12. Bg5 {0-1 (31) Serrano Polo,C-Romero Naranjo,I Torremolinos 2003}) 9. Qb3 Qc8 10. Nd2 O-O 11. Rac1 Re8 12. h3 Nf8 13. Rfe1 Ne6 14. dxe5 dxe5 15. Nc4 Nd8 16. Rcd1 Nc6 17. Bg5 h5 18. Ne3 Nd8 19. Nd5 Nxd5 20. Rxd5 Ne6 21. Be3 c6 22. Rd2 Rd8 23. Red1 Rxd2 24. Rxd2 Qc7 25. Qa4 ({Better is} 25. g4 $14) 25... Bf8 26. b4 a5 27. a3 b5 28. Qb3 c5 29. Rd5 axb4 30. axb4 cxb4 31. cxb4 Ra1+ 32. Rd1 Ra4 33. Qd5 Rxb4 34. Qa8 Kg7 35. Qe8 Qe7 36. Qa8 Qc7 37. Rd5 Rb1+ 38. Kh2 Nd4 39. Bh6+ Kxh6 40. Qxf8+ Kg5 41. Bxh5 Kxh5 $2 (41... Qc1 $11 42. Qe7+ f6 43. Rxe5+ Nf5 44. Rxf5+ gxf5 45. Qg7+ Kf4 46. Qg3+ Kxe4 47. Bf3+ Kd3 48. Qd6+ Kc4) 42. Qh8+ Kg5 43. Rxe5+ f5 44. exf5 Nxf5 45. g3 Rb4 46. Re6 Ng7 47. Re3 Nf5 48. Re6 Ng7 49. h4+ Kf5 50. Re3 Ne6 51. Rf3+ Kg4 52. Rf6 Qc2 53. Qh6 Rc4 54. Rxg6+ Kf5 55. Qh5+ Ke4 56. Rxe6+ Kd3 57. Re3+ Kd2 58. Re2+ 1-0